[gd_scene load_steps=11 format=2]

[ext_resource path="res://Script/Player.gd" type="Script" id=1]
[ext_resource path="res://Assets/kenney_platformercharacters/PNG/Player/Poses/player_idle.png" type="Texture" id=2]
[ext_resource path="res://Assets/kenney_platformercharacters/PNG/Player/Poses/player_stand.png" type="Texture" id=3]
[ext_resource path="res://Assets/kenney_platformercharacters/PNG/Player/Poses/player_fall.png" type="Texture" id=4]
[ext_resource path="res://Assets/kenney_platformercharacters/PNG/Player/Poses/player_walk1.png" type="Texture" id=5]
[ext_resource path="res://Assets/kenney_platformercharacters/PNG/Player/Poses/player_walk2.png" type="Texture" id=6]
[ext_resource path="res://Assets/kenney_platformercharacters/PNG/Player/Poses/player_jump.png" type="Texture" id=7]
[ext_resource path="res://Assets/kenney_platformercharacters/PNG/Player/Poses/player_duck.png" type="Texture" id=8]

[sub_resource type="RectangleShape2D" id=1]
extents = Vector2( 39.4104, 59.7528 )

[sub_resource type="SpriteFrames" id=2]
animations = [ {
"frames": [ ExtResource( 2 ), ExtResource( 3 ) ],
"loop": true,
"name": "idle",
"speed": 2.0
}, {
"frames": [ ExtResource( 4 ) ],
"loop": true,
"name": "fall",
"speed": 5.0
}, {
"frames": [ ExtResource( 5 ), ExtResource( 6 ) ],
"loop": true,
"name": "running",
"speed": 5.0
}, {
"frames": [ ExtResource( 7 ) ],
"loop": true,
"name": "jump",
"speed": 5.0
}, {
"frames": [ ExtResource( 8 ) ],
"loop": true,
"name": "duck",
"speed": 5.0
} ]

[node name="Player" type="KinematicBody2D"]
script = ExtResource( 1 )

[node name="CollisionShape2D" type="CollisionShape2D" parent="."]
shape = SubResource( 1 )

[node name="Sprite" type="AnimatedSprite" parent="."]
position = Vector2( 0.5688, 0.5688 )
frames = SubResource( 2 )
animation = "duck"
playing = true
